[Event "Titled Tuesday Blitz November 15 Late 2022"]
[White "Avila Rodriguez, Joshua Ad"]
[Black "Proleiko, Julian"]
[WhiteFideId "5126444"]
[BlackFideId "30900255"]
[WhiteElo "2125"]
[BlackElo "2127"]
[Result "1-0"]
[Round "03"]
[TimeControl "180+1"]
[Date "2022.11.16"]
[WhiteClock "0:00:01"]
[BlackClock "0:00:26"]

1. e4 c6 2. d4 d5 3. e5 Bf5 4. h4 h6 5. g4 Bd7 6. Nc3 e6 7. Be3 Qb6 8. a3 c5 9. dxc5 Bxc5 10. Bxc5 Qxc5 11. Nge2 Nc6 12. f4 h5 13. gxh5 Nh6 14. Bh3 Qe3 15. Qd3 Qb6 16. O-O-O Ne7 17. Nd4 Rc8 18. Rhg1 Kf8 19. Nce2 a6 20. Kb1 Bb5 21. Nxb5 Qxb5 22. Qxb5 axb5 23. Nd4 Rc5 24. c3 Nc6 25. Rge1 Nxd4 26. Rxd4 Ng8 27. f5 exf5 28. Bxf5 Rxh5 29. Bd3 Ne7 30. Rf4 g6 31. Ref1 Nf5 32. Bxf5 gxf5 33. Rxf5 Rxf5 34. Rxf5 Ke7 35. Rf6 Rc4 36. Rb6 Rxh4 37. Rxb5 Ke6 38. Rxb7 Re4 39. Kc2 Rxe5 40. a4 Re2+ 41. Kd3 Re1 42. a5 Rd1+ 43. Ke2 Ra1 44. Rb6+ Ke5 45. a6 f5 46. b4 Ke4 47. Re6+ Kf4 48. Kd3 Rd1+ 49. Kc2 Ra1 50. b5 Ra5 51. Re8 Kf3 52. Kd3 f4 53. Kd4 Kf2 54. Kc5 f3 55. Kb6 Ra3 56. a7 Rxc3 57. a8=Q d4 58. Rf8 Kf1 59. Rxf3+ 1-0


[Site "https://www.chess.com"]

[Event "Titled Tuesday Blitz November 15 Late 2022"]
[White "Bach, Matthias"]
[Black "Hajiyev, Kanan"]
[WhiteFideId "4603168"]
[BlackFideId "13404148"]
[WhiteElo "2165"]
[BlackElo "2118"]
[Result "1-0"]
[Round "03"]
[TimeControl "180+1"]
[Date "2022.11.16"]
[WhiteClock "0:00:56"]
[BlackClock "0:00:54"]

1. d4 d5 2. c4 c6 3. Nc3 Nf6 4. Nf3 g6 5. g3 Bg7 6. Bg2 O-O 7. O-O Ne4 8. Ng5 Nxg5 9. Bxg5 dxc4 10. d5 h6 11. Be3 cxd5 12. Qxd5 Nc6 13. Qxc4 Qa5 14. Rfd1 Be6 15. Qh4 g5 16. Qh5 Qb4 17. Nd5 Qg4 18. Qxg4 Bxg4 19. Nc3 Rfd8 20. Kf1 e6 21. f4 gxf4 22. gxf4 Rac8 23. Kf2 a6 24. Rxd8+ Rxd8 25. Rg1 Bf5 26. Be4 Bxe4 27. Nxe4 Kh7 28. b3 Bd4 29. Bxd4 h5 30. Ng5+ Kh6 31. Nxf7+ Kh7 32. Rg7# 1-0


[Site "https://www.chess.com"]

[Event "Titled Tuesday Blitz November 15 Late 2022"]
[White "Badelka, Olga"]
[Black "Pino Perez, Lazaro"]
[WhiteFideId "13509926"]
[BlackFideId "3517055"]
[WhiteElo "2337"]
[BlackElo "2170"]
[Result "1-0"]
[Round "03"]
[TimeControl "180+1"]
[Date "2022.11.16"]
[WhiteClock "0:00:03"]
[BlackClock "0:00:01"]

1. d4 d5 2. c4 e6 3. Nc3 Be7 4. cxd5 exd5 5. Bf4 c6 6. e3 Bf5 7. g4 Be6 8. h4 Nd7 9. h5 h6 10. Bh3 Ngf6 11. Nf3 Nxg4 12. Qc2 Ndf6 13. O-O-O Nxh5 14. Ne5 Nxf4 15. exf4 Qc8 16. Rde1 Nxe5 17. Bxe6 fxe6 18. Rxe5 O-O 19. Rxh6 Rf6 20. Qh7+ Kf7 21. Rg5 Qg8 22. Rxf6+ Bxf6 23. Qh5+ Ke7 24. Rg1 Qh8 25. Qe2 Qh4 26. Qe3 Qh2 27. Re1 Kf8 28. Qxe6 Qxf4+ 29. Kb1 Qxf2 30. Rh1 g6 31. Qd6+ Kg7 32. Qd7+ Kg8 33. Qe6+ Kg7 34. Ne2 Rf8 35. Ka1 Qf3 36. Re1 Rf7 37. Nc3 Re7 38. Qxe7+ Bxe7 39. Rxe7+ Kf6 40. Re1 Qd3 41. Rd1 Qe3 42. a3 g5 43. Kb1 g4 44. Kc2 g3 45. Rd3 Qf2+ 46. Rd2 Qf5+ 47. Kd1 Qf1+ 48. Kc2 g2 49. Ne2 1-0


[Site "https://www.chess.com"]

[Event "Titled Tuesday Blitz November 15 Late 2022"]
[White "Baltaci, Ismail Tarik"]
[Black "Kleiman, Jake"]
[WhiteFideId "6365213"]
[BlackFideId "2020041"]
[WhiteElo "2351"]
[BlackElo "2615"]
[Result "0-1"]
[Round "03"]
[TimeControl "180+1"]
[Date "2022.11.16"]
[WhiteClock "0:00:03"]
[BlackClock "0:00:05"]

1. e4 e5 2. Nf3 Nc6 3. Bb5 a6 4. Ba4 Nf6 5. O-O b5 6. Bb3 Bc5 7. c3 d6 8. d4 Bb6 9. a4 Rb8 10. axb5 axb5 11. Na3 O-O 12. Nxb5 Bg4 13. d5 Ne7 14. Qd3 Ng6 15. h3 Bd7 16. Na3 Nh5 17. Qd1 Nhf4 18. Be3 Qf6 19. Nc4 Bb5 20. Nxb6 Be2 21. Nd7 Qe7 22. Nxf8 Rxf8 23. Qd2 Bxf3 24. Bd1 Bxg2 25. Bxf4 Nxf4 26. Qxf4 exf4 27. Kxg2 Qxe4+ 28. Bf3 Qc2 29. Ra7 Qxb2 30. Rxc7 g6 31. Rc6 Qa3 32. Re1 Rb8 33. Re7 Rb2 34. Rc8+ Kg7 35. Rcc7 Qa2 36. Rxf7+ Kg8 37. Rg7+ Kf8 38. Rcf7+ Ke8 39. Re7+ Kd8 40. Rd7+ Kc8 41. h4 Rxf2+ 42. Kh3 Rh2+ 43. Kg4 h5+ 44. Kg5 Qc2 45. Rdf7 Qf5+ 46. Rxf5 gxf5 47. Kf6 Rxh4 48. Bxh5 Rxh5 49. Rg8+ Kc7 50. Rg7+ Kb6 51. Rc7 Kxc7 0-1


[Site "https://www.chess.com"]

[Event "Titled Tuesday Blitz November 15 Late 2022"]
[White "Barria Zuniga, Daniel"]
[Black "Ibarra Jerez, Jose Carlos"]
[WhiteFideId "3400816"]
[BlackFideId "2226332"]
[WhiteElo "2619"]
[BlackElo "2902"]
[Result "0-1"]
[Round "03"]
[TimeControl "180+1"]
[Date "2022.11.16"]
[WhiteClock "0:00:06"]
[BlackClock "0:00:11"]

1. c4 e5 2. Nc3 Nf6 3. e3 g6 4. Nf3 d6 5. d4 Nbd7 6. Be2 Bg7 7. O-O O-O 8. Qc2 Re8 9. Rd1 e4 10. Nd2 Qe7 11. b4 h5 12. b5 Nf8 13. a4 Bf5 14. Ba3 N8h7 15. c5 dxc5 16. Bxc5 Qd7 17. a5 b6 18. Bb4 Bg4 19. Nc4 Qf5 20. Ne5 Bxe2 21. Nxe2 h4 22. h3 Nd5 23. Be1 Ng5 24. Qc6 Rad8 25. axb6 axb6 26. Ra7 Re6 27. Qb7 Nxh3+ 28. gxh3 Qxh3 29. Ra8 Ree8 30. Rda1 Bxe5 31. dxe5 Qg4+ 32. Kf1 Qf3 33. Nf4 Nxf4 34. exf4 h3 35. Rxd8 h2 36. Rxe8+ Kh7 0-1


[Site "https://www.chess.com"]

[Event "Titled Tuesday Blitz November 15 Late 2022"]
[White "Bashirli, Nail"]
[Black "Swiercz, Dariusz"]
[WhiteFideId "13406809"]
[BlackFideId "1126881"]
[WhiteElo "2318"]
[BlackElo "2627"]
[Result "1-0"]
[Round "03"]
[TimeControl "180+1"]
[Date "2022.11.15"]
[WhiteClock "0:00:18"]
[BlackClock "0:00:08"]

1. e4 e5 2. Nf3 Nc6 3. Nc3 Nf6 4. Bb5 Bb4 5. O-O O-O 6. d3 Bxc3 7. bxc3 d6 8. Bg5 h6 9. Bh4 Bd7 10. h3 a6 11. Bc4 Na5 12. Bb3 Nxb3 13. axb3 Kh7 14. Qd2 Rg8 15. Bxf6 Qxf6 16. d4 Bxh3 17. dxe5 dxe5 18. Qd5 Rae8 19. Qxb7 Re6 20. Ne1 Qg5 21. Rxa6 Rge8 22. f3 Rxa6 23. Qxa6 Re6 24. Qd3 Rg6 25. f4 Qh5 26. f5 Rg5 27. Rf2 Bg4 28. c4 f6 29. b4 Qe8 30. b5 Qe7 31. Nf3 Bxf3 32. Rxf3 Qb4 33. Kf2 Qb1 34. Rg3 Qb4 35. Rxg5 hxg5 36. Qh3+ Kg8 37. Qd3 Kh7 38. Ke2 g4 39. Kf2 Kh6 40. Kg3 Kh5 41. Kf2 Qc5+ 42. Ke2 Qg1 43. Qg3 Kg5 44. Qe3+ Qxe3+ 45. Kxe3 Kh4 46. c5 Kg3 47. b6 cxb6 48. cxb6 Kxg2 49. b7 g3 50. b8=Q Kh2 51. Qh8+ Kg2 52. Qxg7 Kh2 53. Kf3 Kh1 54. Qh6+ Kg1 55. Qc1+ Kh2 56. Qf1 g2 57. Qxg2# 1-0


[Site "https://www.chess.com"]

[Event "Titled Tuesday Blitz November 15 Late 2022"]
[White "Baskakov, Egor"]
[Black "He, Samuel"]
[WhiteFideId "24197866"]
[BlackFideId "2087235"]
[WhiteElo "2211"]
[BlackElo "2608"]
[Result "1-0"]
[Round "03"]
[TimeControl "180+1"]
[Date "2022.11.15"]
[WhiteClock "0:02:42"]
[BlackClock "0:00:59"]

1. e4 c6 2. d4 d5 3. e5 Bf5 4. Ne2 e6 5. Ng3 Bg6 6. h4 h6 7. h5 Bh7 8. Bd3 Bxd3 9. cxd3 c5 10. dxc5 Bxc5 11. d4 Bb6 12. Nc3 Nc6 13. Be3 Nge7 14. Qg4 Rg8 15. O-O Qd7 16. Rad1 O-O-O 17. Na4 Nf5 18. Nxf5 exf5 19. Nxb6+ axb6 20. Qe2 Ne7 21. Rd3 Kb8 22. e6 fxe6 23. Bf4+ Kc8 24. Rc1+ Nc6 25. Ra3 Qe8 26. Qe5 1-0


[Site "https://www.chess.com"]

[Event "Titled Tuesday Blitz November 15 Late 2022"]
[White "Bayo Milagro, Alvaro"]
[Black "Mickiewicz, Piotr"]
[WhiteFideId "22275240"]
[BlackFideId "1114891"]
[WhiteElo "2270"]
[BlackElo "2246"]
[Result "0-1"]
[Round "03"]
[TimeControl "180+1"]
[Date "2022.11.16"]
[WhiteClock "0:00:49"]
[BlackClock "0:00:28"]

1. e4 c5 2. Nf3 Nc6 3. d4 cxd4 4. Nxd4 e5 5. Nb5 d6 6. g3 Nf6 7. Bg2 Bg4 8. Qd2 a6 9. N5c3 Be7 10. h3 Be6 11. O-O h5 12. Nd5 h4 13. g4 Bxd5 14. exd5 Nb8 15. c4 Nbd7 16. Nc3 O-O 17. Qe2 Rc8 18. Bd2 Nh7 19. b3 Bg5 20. Ne4 Bxd2 21. Qxd2 Nc5 22. Nc3 Ng5 23. b4 Nd7 24. f4 exf4 25. Qxf4 Ne5 26. c5 f6 27. Na4 Re8 28. Rad1 b5 29. Nb6 Rc7 30. c6 Rce7 31. Qf2 Nef3+ 32. Bxf3 Nxh3+ 33. Kg2 Nxf2 0-1


[Site "https://www.chess.com"]

[Event "Titled Tuesday Blitz November 15 Late 2022"]
[White "Bazzano, Sebastian"]
[Black "Coleman, Maxx"]
[WhiteFideId "104566"]
[BlackFideId "2027119"]
[WhiteElo "2271"]
[BlackElo "2278"]
[Result "0-1"]
[Round "03"]
[TimeControl "180+1"]
[Date "2022.11.16"]
[WhiteClock "0:00:32"]
[BlackClock "0:00:10"]

1. d4 Nf6 2. Bf4 e6 3. e3 b6 4. Nd2 Bb7 5. Ngf3 Nh5 6. Bg5 Be7 7. Bxe7 Qxe7 8. Bd3 f5 9. O-O O-O 10. Re1 Nf6 11. e4 fxe4 12. Nxe4 Nxe4 13. Bxe4 Bxe4 14. Rxe4 Qf6 15. Qd2 Nc6 16. c3 Qg6 17. Rae1 Rxf3 18. d5 Nd8 19. dxe6 dxe6 20. Rd4 Nf7 21. Rd7 Rf5 22. Rxc7 Rf8 23. Kh1 Ng5 24. f3 h5 25. h4 Nxf3 26. gxf3 Rxf3 27. Rg1 Rh3+ 28. Qh2 Rxh2+ 29. Kxh2 Rf2+ 30. Kh1 Qe4+ 0-1


[Site "https://www.chess.com"]

[Event "Titled Tuesday Blitz November 15 Late 2022"]
[White "Bernat, David"]
[Black "Kumala, Aleksander"]
[WhiteFideId "2099225"]
[BlackFideId "1141880"]
[WhiteElo "2343"]
[BlackElo "2269"]
[Result "0-1"]
[Round "03"]
[TimeControl "180+1"]
[Date "2022.11.16"]
[WhiteClock "0:00:04"]
[BlackClock "0:00:57"]

1. c4 h5 2. Nc3 h4 3. d4 e6 4. e4 b6 5. Nf3 h3 6. g3 Bb7 7. Ng5 Bb4 8. d5 Qf6 9. Nxh3 exd5 10. cxd5 Bxc3+ 11. bxc3 Qxc3+ 12. Bd2 Qd4 13. f3 Nf6 14. Nf2 Na6 15. Rc1 Nc5 16. Bc3 Qe3+ 17. Be2 Ba6 18. Bd4 Nd3+ 19. Nxd3 Qxd4 20. Nf2 Qe3 21. Qd2 Qxd2+ 22. Kxd2 Bxe2 23. Kxe2 O-O-O 24. Rc2 Kb7 25. Rhc1 Rc8 26. Nd3 Rxh2+ 27. Ke3 Rxc2 28. Rxc2 Rh8 29. g4 Rh3 30. Kf4 d6 31. Nf2 Rh2 32. Kg3 Rh8 33. Nd3 Rh1 34. Nb4 Rg1+ 35. Kf2 Rh1 36. Kg2 Ra1 37. Nc6 Nd7 38. Nd8+ Kb8 39. Nxf7 a5 40. f4 b5 41. Re2 a4 42. e5 dxe5 43. fxe5 b4 44. e6 Nf6 45. g5 Ne8 46. Ne5 b3 47. axb3 axb3 48. Nc4 Ra2 49. Kf3 Kb7 50. Rxa2 bxa2 51. Na5+ Kb6 52. Nb3 Kb5 53. Ke4 Kc4 54. Na1 Kc3 55. Ke5 Kb2 56. e7 Kxa1 57. Ke6 Kb2 58. Kd7 Nd6 59. Kxc7 a1=Q 60. Kxd6 Qa4 61. Ke6 Qe4+ 62. Kd6 Kc3 63. g6 Kc4 64. Kc7 Qxe7+ 0-1


[Site "https://www.chess.com"]

[Event "Titled Tuesday Blitz November 15 Late 2022"]
[White "Besedes, Danilo"]
[Black "Curtis, John"]
[WhiteFideId "946796"]
[BlackFideId "3200256"]
[WhiteElo "2352"]
[BlackElo "2203"]
[Result "0-1"]
[Round "03"]
[TimeControl "180+1"]
[Date "2022.11.16"]
[WhiteClock "0:01:59"]
[BlackClock "0:01:17"]

1. Nf3 d5 2. d3 c5 3. g3 Nc6 4. Bg2 e5 5. O-O f6 6. e4 Nge7 7. Nc3 Be6 8. Nh4 Qd7 9. f4 exf4 10. gxf4 O-O-O 11. a4 Nd4 12. Be3 f5 13. e5 Ng6 14. Nf3 Nxf3+ 15. Qxf3 d4 16. Nb5 Nh4 17. Qg3 Nxg2 18. Qxg2 dxe3 19. Qf3 Kb8 20. Rad1 Be7 21. c3 a6 22. Na3 g5 23. Qxe3 gxf4 24. Qxf4 Rhg8+ 25. Kf2 Rg4 26. Qh6 Rh8 0-1


[Site "https://www.chess.com"]

[Event "Titled Tuesday Blitz November 15 Late 2022"]
[White "Bilan, Danila"]
[Black "Fernandez De La Vara, Arnaldo"]
[WhiteFideId "24161918"]
[BlackFideId "3518388"]
[WhiteElo "2173"]
[BlackElo "2387"]
[Result "0-1"]
[Round "03"]
[TimeControl "180+1"]
[Date "2022.11.16"]
[WhiteClock "0:00:33"]
[BlackClock "0:01:30"]

1. d4 c5 2. e3 Nf6 3. Nf3 d5 4. c3 e6 5. Bd3 Nc6 6. Nbd2 Qc7 7. O-O a6 8. dxc5 Bxc5 9. e4 O-O 10. exd5 exd5 11. Nb3 Ba7 12. Qc2 Bg4 13. Nfd4 Rac8 14. Be3 Bb8 15. g3 Ne5 16. Bf5 Bxf5 17. Qxf5 Nc4 18. Bg5 Ne4 0-1


[Site "https://www.chess.com"]

[Event "Titled Tuesday Blitz November 15 Late 2022"]
[White "Bluebaum, Matthias"]
[Black "Yanchenko, Roman"]
[WhiteFideId "24651516"]
[BlackFideId "4137329"]
[WhiteElo "2633"]
[BlackElo "2489"]
[Result "0-1"]
[Round "03"]
[TimeControl "180+1"]
[Date "2022.11.15"]
[WhiteClock "0:00:05"]
[BlackClock "0:01:08"]

1. d4 d5 2. c4 c6 3. Nc3 Nf6 4. Nf3 a6 5. Qc2 g6 6. e4 dxe4 7. Nxe4 Nbd7 8. Be2 Nxe4 9. Qxe4 Nf6 10. Qe3 Bg7 11. O-O O-O 12. Rd1 Qc7 13. h3 Rd8 14. Bd2 Bf5 15. Bb4 Bf8 16. g4 Be6 17. Rac1 a5 18. d5 Bxg4 19. Bc3 Bxh3 20. Ng5 Bf5 21. Be5 Qc8 22. d6 Ng4 23. Bxg4 Bxg4 24. f3 Bf5 25. Nxh7 Kxh7 26. Rd4 f6 27. Rh4+ Kg8 28. dxe7 Bxe7 29. Qh6 fxe5 30. Qh8+ Kf7 31. Rh7+ Ke6 32. Rxe7+ Kxe7 33. Qg7+ Ke6 34. Rf1 Qd7 35. Qh6 Qd4+ 36. Kg2 Qd2+ 37. Kg3 Qxh6 38. Re1 Qf4+ 39. Kf2 Rd2+ 40. Re2 Rxe2+ 41. Kxe2 Rd8 42. c5 Rd2+ 43. Ke1 Qe3+ 44. Kf1 Qf2# 0-1


[Site "https://www.chess.com"]

[Event "Titled Tuesday Blitz November 15 Late 2022"]
[White "Bordi, Kevin"]
[Black "Andreikin, Dmitry"]
[WhiteFideId "621862"]
[BlackFideId "4158814"]
[WhiteElo "2807"]
[BlackElo "2736"]
[Result "0-1"]
[Round "03"]
[TimeControl "180+1"]
[Date "2022.11.15"]
[WhiteClock "0:00:11"]
[BlackClock "0:00:39"]

1. e4 c5 2. Nf3 e6 3. d4 cxd4 4. Nxd4 a6 5. h3 Nf6 6. Bd3 Qc7 7. O-O Bc5 8. Nb3 Ba7 9. Qf3 Nc6 10. Bf4 d6 11. Nc3 Ne5 12. Qe2 b5 13. Rad1 O-O 14. Bg5 b4 15. Nb1 Bb7 16. N1d2 a5 17. Kh2 a4 18. Nc1 Nxd3 19. Nxd3 Ba6 20. Bxf6 gxf6 21. Qg4+ Kh8 22. Qh4 Rg8 23. Qxf6+ Rg7 24. f4 b3 25. axb3 axb3 26. c4 Qd8 27. Qc3 Qh4 28. Nb4 Bb7 29. Rf3 Rg8 30. g3 Qh5 31. Qxb3 Rxg3 32. Rxg3 Qe2+ 33. Kh1 Rxg3 34. Qxg3 Qxd1+ 35. Kh2 Qxd2+ 0-1


[Site "https://www.chess.com"]

[Event "Titled Tuesday Blitz November 15 Late 2022"]
[White "Buchenau, Frank"]
[Black "Kosakowski, Jakub"]
[WhiteFideId "4604350"]
[BlackFideId "1185080"]
[WhiteElo "2157"]
[BlackElo "2463"]
[Result "0-1"]
[Round "03"]
[TimeControl "180+1"]
[Date "2022.11.16"]
[WhiteClock "0:02:19"]
[BlackClock "0:02:20"]

1. e4 e5 2. Bc4 Nf6 3. d3 c6 4. Nf3 d5 5. Bb3 Bb4+ 6. Bd2 Bxd2+ 7. Nbxd2 a5 8. c3 O-O 9. O-O Re8 10. Re1 Nbd7 11. d4 exd4 12. e5 dxc3 13. exf6 Rxe1+ 14. Qxe1 cxd2 15. Qe7 Qxe7 16. fxe7 Nf6 17. Rd1 Be6 18. Rxd2 Re8 0-1


[Site "https://www.chess.com"]

[Event "Titled Tuesday Blitz November 15 Late 2022"]
[White "Burke, Paul"]
[Black "Freile Martin, Javier"]
[WhiteFideId "2605767"]
[BlackFideId "3600165"]
[WhiteElo "1809"]
[BlackElo "2344"]
[Result "1/2-1/2"]
[Round "03"]
[TimeControl "180+1"]
[Date "2022.11.16"]
[WhiteClock "0:01:44"]
[BlackClock "0:02:15"]

1. e4 c5 2. d4 cxd4 3. c3 d3 4. Bxd3 d6 5. Nf3 Nf6 6. Bc4 e6 7. Qe2 Nbd7 8. O-O Qc7 9. Na3 a6 10. Bf4 Ne5 11. Nxe5 dxe5 12. Bg3 Bxa3 13. bxa3 O-O 14. f4 b5 15. fxe5 Nd7 16. Bb3 Bb7 17. Rac1 Nxe5 18. Qh5 Qc5+ 19. Bf2 Qc7 20. Bg3 Qb6+ 21. Bf2 Qc7 22. Bg3 1/2-1/2


[Site "https://www.chess.com"]

[Event "Titled Tuesday Blitz November 15 Late 2022"]
[White "Can, Melih Kaan"]
[Black "Guz, Ari"]
[WhiteFideId "6317383"]
[BlackFideId "2825759"]
[WhiteElo "2010"]
[BlackElo "2205"]
[Result "1-0"]
[Round "03"]
[TimeControl "180+1"]
[Date "2022.11.16"]
[WhiteClock "0:00:17"]
[BlackClock "0:00:19"]

1. d4 Nf6 2. c4 g6 3. Nc3 Bg7 4. e4 d6 5. Nf3 O-O 6. Be2 c5 7. d5 b5 8. cxb5 a6 9. bxa6 Bxa6 10. O-O Qb6 11. a4 Nfd7 12. Nd2 Qb7 13. Ra3 Bxe2 14. Qxe2 Na6 15. Nc4 Nb4 16. Nb5 Nb6 17. b3 Nd7 18. Bb2 Bxb2 19. Qxb2 f5 20. f3 fxe4 21. fxe4 Rxf1+ 22. Kxf1 Rf8+ 23. Kg1 Nf6 24. Qe2 Nh5 25. Ra1 Nf4 26. Qg4 Nc2 27. Rf1 h5 28. Qd1 Nd4 29. Nxd4 cxd4 30. g3 Nh3+ 31. Kg2 Ng5 32. Rxf8+ Kxf8 33. Qxd4 Qxb3 34. Nd2 Qd1 35. Qf2+ Ke8 36. h4 Nf7 37. a5 Qa1 38. Nc4 Qa4 39. Qd4 Ne5 40. Nxd6+ exd6 41. Qxa4+ 1-0


[Site "https://www.chess.com"]

[Event "Titled Tuesday Blitz November 15 Late 2022"]
[White "Chigaev, Maksim"]
[Black "Milchev, Nikolay"]
[WhiteFideId "4108116"]
[BlackFideId "2906090"]
[WhiteElo "2541"]
[BlackElo "2449"]
[Result "1-0"]
[Round "03"]
[TimeControl "180+1"]
[Date "2022.11.16"]
[WhiteClock "0:00:14"]
[BlackClock "0:00:59"]

1. Nf3 Nf6 2. c4 g6 3. Nc3 Bg7 4. e4 d6 5. d4 O-O 6. Be2 c5 7. O-O Bg4 8. d5 b5 9. cxb5 a6 10. a4 axb5 11. Bxb5 Na6 12. h3 Bxf3 13. Qxf3 Nb4 14. Qe2 Nd7 15. f4 Qc7 16. Kh1 Rfb8 17. Be3 Bd4 18. Bd2 Bg7 19. Rac1 Nb6 20. Be3 Qd8 21. Rcd1 Qc7 22. Bg1 c4 23. Bxb6 Qxb6 24. Bxc4 Rc8 25. e5 Nc2 26. Qxc2 Rxc4 27. Qe2 Rb4 28. Rd2 Rc8 29. Ne4 dxe5 30. d6 exd6 31. Nxd6 Rf8 32. fxe5 Rxa4 33. e6 fxe6 34. Qxe6+ Kh8 35. Rxf8+ Bxf8 36. Nf7+ Kg7 37. Qxb6 Kxf7 38. Rf2+ Kg7 39. Qf6+ Kg8 40. Qxf8# 1-0


[Site "https://www.chess.com"]

[Event "Titled Tuesday Blitz November 15 Late 2022"]
[White "Chirilov, James A"]
[Black "Golubev, Mikhail"]
[WhiteFideId "30976677"]
[BlackFideId "14100983"]
[WhiteElo "1790"]
[BlackElo "2374"]
[Result "0-1"]
[Round "03"]
[TimeControl "180+1"]
[Date "2022.11.16"]
[WhiteClock "0:00:06"]
[BlackClock "0:00:10"]

1. e4 c5 2. Nf3 d6 3. d4 Nf6 4. Nc3 cxd4 5. Nxd4 g6 6. f3 Bg7 7. Be3 O-O 8. Qd2 Nc6 9. O-O-O d5 10. Nxc6 bxc6 11. Bh6 Bxh6 12. Qxh6 Rb8 13. h4 Qa5 14. h5 Rxb2 15. Kxb2 Qb4+ 16. Kc1 Qxc3 17. hxg6 fxg6 18. Bd3 dxe4 19. Bxe4 Qa1+ 20. Kd2 Nxe4+ 21. fxe4 Qd4+ 22. Kc1 Qa1+ 23. Kd2 Rd8+ 24. Ke3 Rxd1 25. Qxh7+ Kf8 26. Rxd1 Qxd1 27. Qh8+ Kf7 28. Qxc8 Qxc2 29. g4 Qxa2 30. Qxc6 Qe6 31. Qb7 Qxg4 32. Kd4 Qg1+ 33. Ke5 Qc5+ 34. Kf4 Qb6 35. Qa8 Qc7+ 36. Kg4 Kg7 37. Qd5 Qd6 38. Qb7 a5 39. Qb5 Qe6+ 40. Kf3 Qf6+ 41. Kg4 Qc3 42. Qd7 Qb4 43. Kg5 a4 44. Qe6 Qc5+ 45. Kg4 Qd6 46. Qa2 Qd7+ 47. Kf4 Qc6 48. Qa1+ Qf6+ 49. Qxf6+ Kxf6 50. Ke3 Ke5 51. Kd3 g5 52. Kc2 g4 53. Kb2 Kxe4 54. Ka3 g3 55. Kb4 g2 0-1


[Site "https://www.chess.com"]

[Event "Titled Tuesday Blitz November 15 Late 2022"]
[White "Crevatin, Leo"]
[Black "Ardila, Oscar Humberto"]
[WhiteFideId "1726307"]
[BlackFideId "4404742"]
[WhiteElo "2208"]
[BlackElo "1959"]
[Result "0-1"]
[Round "03"]
[TimeControl "180+1"]
[Date "2022.11.16"]
[WhiteClock "0:00:04"]
[BlackClock "0:00:09"]

1. d4 Nf6 2. Bf4 e6 3. e3 Be7 4. h3 d6 5. Nf3 Nbd7 6. Be2 b6 7. O-O Bb7 8. c4 O-O 9. Nc3 Ne4 10. Nxe4 Bxe4 11. Qd2 Nf6 12. Rad1 Qd7 13. Qc1 Rac8 14. Nd2 Bb7 15. Bd3 Rfe8 16. Qb1 h6 17. Bh2 Bf8 18. e4 e5 19. d5 a5 20. Qc2 g6 21. Nb1 Bg7 22. Nc3 Nh5 23. Ne2 Qe7 24. g4 Nf6 25. Ng3 c6 26. Qe2 cxd5 27. cxd5 Rc5 28. a3 Rec8 29. Kh1 Qc7 30. Bg1 Nd7 31. f3 Bf6 32. Bxc5 Nxc5 33. Rc1 Bg5 34. Rc2 a4 35. Bb5 Qd8 36. Qg2 Bf4 37. Ne2 Be3 38. Rc3 Bg5 39. Qf2 Bh4 40. Qg1 Bg5 41. Rc2 Qf6 42. Nc3 Nb3 43. Bxa4 Nd4 44. Rcf2 Be3 45. Qg2 Bf4 46. Re1 Qh4 47. Rd1 Bg3 48. Rfd2 Ba6 49. Rg1 Bf4 50. Rdd1 Bc4 51. Bc6 Bb3 52. Rd3 Bc4 53. Rdd1 b5 54. Rde1 Rb8 55. Ne2 Bxe2 56. Rxe2 b4 57. Rf2 bxa3 58. bxa3 Rb3 59. Ra1 Bg3 60. Rff1 Rc3 61. a4 Rc2 62. a5 Rxg2 63. Kxg2 Bf4 64. Rf2 Qg3+ 65. Kf1 Qxh3+ 66. Ke1 Qh1+ 67. Rf1 Bg3+ 68. Kd2 Qg2+ 69. Kc3 Qe2 70. a6 Qe3+ 71. Kb4 Nc2+ 72. Ka4 Qd4+ 73. Kb3 Nxa1+ 74. Rxa1 Qd3+ 75. Kb4 Qd4+ 76. Kb5 Qxa1 77. Bb7 Bf2 78. Kc6 Qa3 79. Kd7 Qc5 80. Kd8 Kg7 81. Kd7 Qb6 82. Ke7 h5 83. gxh5 gxh5 84. Kd7 h4 85. Bc8 h3 86. Ke8 h2 87. Kd7 h1=Q 88. Ke7 Qc7+ 89. Bd7 Qh3 90. f4 Qhxd7# 0-1


[Site "https://www.chess.com"]

[Event "Titled Tuesday Blitz November 15 Late 2022"]
[White "D`Arruda, Ricardo D."]
[Black "Romero Ruscalleda, Josep"]
[WhiteFideId "100692"]
[BlackFideId "2231859"]
[WhiteElo "2481"]
[BlackElo "2183"]
[Result "1-0"]
[Round "03"]
[TimeControl "180+1"]
[Date "2022.11.16"]
[WhiteClock "0:01:55"]
[BlackClock "0:01:50"]

1. Nf3 g6 2. d4 Bg7 3. Nc3 d6 4. e4 a6 5. Bg5 b5 6. Qd2 Bb7 7. O-O-O Nd7 8. e5 dxe5 9. dxe5 Nxe5 10. Qe2 Nd7 11. Qe3 Ngf6 12. Ne5 Qc8 13. Nxd7 h6 14. Bxf6 1-0


[Site "https://www.chess.com"]

[Event "Titled Tuesday Blitz November 15 Late 2022"]
[White "Danielyan, Vahe"]
[Black "Melikhov, Evgeny V."]
[WhiteFideId "13304828"]
[BlackFideId "4122046"]
[WhiteElo "2423"]
[BlackElo "2169"]
[Result "0-1"]
[Round "03"]
[TimeControl "180+1"]
[Date "2022.11.16"]
[WhiteClock "0:02:03"]
[BlackClock "0:00:21"]

1. e4 e5 2. Nc3 Nf6 3. g3 d5 4. exd5 Nxd5 5. Bg2 Nxc3 6. bxc3 Bd6 7. Ne2 O-O 8. O-O Nd7 9. d3 Rb8 10. c4 b6 11. Bb2 Bb7 12. Bxb7 Rxb7 13. Nc3 Nf6 14. Qf3 Rb8 15. Rae1 Re8 16. Bc1 Qd7 17. Bg5 Qg4 18. Qxg4 Nxg4 19. h3 h6 20. hxg4 hxg5 21. Ne4 f6 22. Kg2 Kf7 23. Rb1 Be7 24. a4 g6 25. Rb5 a6 26. Rb3 f5 27. Nc3 Bc5 28. Rfb1 c6 29. a5 b5 30. Na4 bxa4 31. Rxb8 Rxb8 32. Rxb8 a3 33. Rb1 Bd4 34. Rb3 a2 35. c3 a1=Q 36. cxd4 Qxd4 37. gxf5 gxf5 38. Rb6 Qxd3 39. Rxa6 Qxc4 40. Kg1 Qxa6 0-1


[Site "https://www.chess.com"]

[Event "Titled Tuesday Blitz November 15 Late 2022"]
[White "Deac, Bogdan-Daniel"]
[Black "Arbunic Castro, Giovanna"]
[WhiteFideId "1226380"]
[BlackFideId "3400549"]
[WhiteElo "2648"]
[BlackElo "1940"]
[Result "1-0"]
[Round "03"]
[TimeControl "180+1"]
[Date "2022.11.16"]
[WhiteClock "0:01:10"]
[BlackClock "0:00:03"]

1. b3 Nf6 2. Bb2 g6 3. Nf3 Bg7 4. g3 O-O 5. Bg2 Nc6 6. d4 d6 7. d5 Nb8 8. c4 c6 9. O-O e6 10. dxc6 bxc6 11. Qc2 d5 12. Rd1 Nbd7 13. Nbd2 Ba6 14. Rab1 Rc8 15. e4 Qe7 16. Re1 dxc4 17. Nxc4 Bxc4 18. Qxc4 Nb6 19. Qa6 Nfd7 20. Bxg7 Kxg7 21. Rbc1 Nc5 22. Qa3 Nbd7 23. Rc4 Rfe8 24. Bf1 f5 25. exf5 gxf5 26. Nd4 Ne4 27. Qxe7+ Rxe7 28. f3 Nd2 29. Nxf5+ exf5 30. Rxe7+ Kf6 31. Rxd7 Nxc4 32. Bxc4 c5 33. f4 a5 34. Rxh7 Rd8 35. Ra7 Rd1+ 36. Bf1 Ke6 37. Rxa5 Kd5 38. b4 1-0


[Site "https://www.chess.com"]

[Event "Titled Tuesday Blitz November 15 Late 2022"]
[White "Djokic, Mihailo"]
[Black "Ward, Ieuan C"]
[WhiteFideId "976440"]
[BlackFideId "406627"]
[WhiteElo "2315"]
[BlackElo "2341"]
[Result "1-0"]
[Round "03"]
[TimeControl "180+1"]
[Date "2022.11.16"]
[WhiteClock "0:01:06"]
[BlackClock "0:00:01"]

1. e4 d5 2. exd5 Qxd5 3. Nc3 Qd6 4. d4 Nf6 5. Nf3 Bg4 6. Be2 c6 7. O-O e6 8. Be3 Nbd7 9. h3 Bh5 10. Nd2 Bxe2 11. Qxe2 Be7 12. Nc4 Qc7 13. Qf3 Nd5 14. Bd2 Nxc3 15. bxc3 O-O 16. Bf4 Qd8 17. Rab1 Nb6 18. Na5 Qd7 19. c4 c5 20. dxc5 Bxc5 21. Nxb7 Be7 22. c5 Nd5 23. Bd6 Bxd6 24. Nxd6 Qc6 25. c4 Qxc5 26. cxd5 Qxd6 27. dxe6 Qxe6 28. a4 Rab8 29. Rb7 Qa6 30. Rxb8 Rxb8 31. Qe4 h6 32. Rc1 Qd6 33. g3 Qd7 34. h4 Re8 35. Qf4 Rc8 36. Re1 Re8 37. Rb1 Kh7 38. Kh2 g6 39. a5 h5 40. a6 Qe6 41. Rb7 Re7 42. Qb4 Qe2 43. Qc5 Re6 44. Rxf7+ Kh6 45. Qc1+ 1-0


[Site "https://www.chess.com"]